 Dungeon Crawl Stone Soup version 0.27.1-33-g824d729ab1 (webtiles) character file.

Game seed: 3278065343542151953

416 ces the Covered (level 6, 0/51 HPs)
             Began as a Barachi Fighter on Dec 8, 2021.
             Slain by a sky beast (6 damage)
             ... on level 5 of the Dungeon.
             The game lasted 00:07:56 (5430 turns).

ces the Covered (Barachi Fighter)                   Turns: 5430, Time: 00:07:56

Health: 0/51       AC:  7    Str: 18 (19) XL:     6   Next: 92%
Magic:  6/6        EV:  7    Int:  7 (9)  God:
Gold:   141        SH:  9    Dex: 10 (11) Spells: 5/5 levels left

rFire    . . .     SeeInvis .   a - +1 war axe
rCold    . . .     Faith    .   c - +0 kite shield
rNeg     . . .     Spirit   .   b - +0 scale mail
rPois    .         Reflect  .   (no helmet)
rElec    .         Harm     .   (no cloak)
rCorr    .         Rampage  .   (no gloves)
Will     .....                  (no boots)
Stlth    ..........             (no amulet)
HPRegen  0.17/turn              (no ring)
MPRegen  0.10/turn              (no ring)

@: unable to hop, flying, slow
A: amphibious, slowness 1, strong legs 1, +LOS
a: Hop


You were on level 5 of the Dungeon.
You visited 1 branch of the dungeon, and saw 5 of its levels.

You collected 141 gold pieces.

Inventory:

Hand Weapons
 a - a +1 war axe (weapon)
Missiles
 g - 34 bolts
Armour
 b - a +0 scale mail (worn)
 c - a +0 kite shield (worn)
Jewellery
 e - an amulet of regeneration
 j - a ring of positive energy
Scrolls
 k - a scroll of blinking {unknown}
 l - 3 scrolls of identify {unknown}
 n - a scroll of magic mapping {unknown}
Potions
 d - 2 potions of might
 f - a potion of curing
 o - a potion of heal wounds {unknown}
 p - 2 potions of attraction {unknown}


   Skills:
 + Level 5.1 Fighting
 * Level 5.0 Axes
 + Level 5.2 Armour
 + Level 1.2 Dodging
 + Level 4.6 Shields


You had 5 spell levels left.
You didn't know any spells.
Your spell library contained the following spells:

 Spells                   Type           Power      Damage    Failure   Level
 Shock                    Conj/Air       0%         1d3       99%         1
 Slow                     Hex            0%         N/A       100%        2
 Confusing Touch          Hex            0%         N/A       100%        3
 Swiftness                Air            0%         N/A       100%        3
 Vampiric Draining        Necr           0%         2d6       100%        3
 Airstrike                Air            0%         N/A       100%        4


Dungeon Overview and Level Annotations

Branches:
Dungeon (5/15)
 Temple: D:4-7

Altars:
Wu Jian


Innate Abilities, Weirdness & Mutations

You are amphibious.
You cover ground slowly.
You can hop short distances.
You have an extended range of vision and can be seen from far away.


Message History

You block the sky beast's attack. x2
You barely miss the sky beast.
The sky beast is lightly wounded.
You block the sky beast's attack.
You closely miss the sky beast.
The sky beast is lightly wounded.
The sky beast hits you but does no damage.
You hit the sky beast but do no damage.
The sky beast is lightly wounded.
The sky beast hits you but does no damage.
The sky beast hits you. The sky beast shocks you.
You slash the sky beast!
The sky beast is heavily wounded.
You block the sky beast's attack.
You barely miss the sky beast.
The sky beast is heavily wounded.
The sky beast misses you. You block the sky beast's attack.
You hit the sky beast but do no damage.
The sky beast is heavily wounded.
You block the sky beast's attack.
You slash the sky beast!
The sky beast is almost dead.
The sky beast hits you. The sky beast shocks you.
* * * LOW HITPOINT WARNING * * *
The sky beast hits you.
* * * LOW HITPOINT WARNING * * *
The sky beast shocks you.
* * * LOW HITPOINT WARNING * * *
It was a potion of degeneration.
There was something very wrong with that liquid.
You feel weakened.
You feel dopey.
You feel clumsy.
The sky beast flickers out of sight!
Deactivating autopickup; reactivate with Ctrl-A.
Something hits you but does no damage.
It was a potion of flight.
You feel very buoyant.
You fly up into the air.
Something hits you.
* * * LOW HITPOINT WARNING * * *
Something shocks you.
You die...

######
##.....#
........##
.........#
.........#
........@#
........{#
.........#
.........#
......)..#
.#.....#..
########.
. .


There were no monsters in sight!

Vanquished Creatures
  An ogre (D:4)
  A scorpion (D:4)
  2 iguanas (D:4)
  Natasha (twice) (D:3 D:2)
  6 adders
  4 gnolls (D:4)
  2 adder skeletons (D:4)
  A worm (D:2)
  A dart slug (D:1)
  An orc (D:4)
  9 ball pythons
  4 bats
  5 endoplasms
  5 giant cockroaches
  6 goblins
  8 hobgoblins
  2 jackals (D:2)
  3 quokkas
  6 frilled lizards
  6 kobolds
  3 rats
78 creatures vanquished.

Notes
Turn   | Place    | Note
-------+----------+-------------------------------------------
     0 | D:1      | ces the Barachi Fighter began the quest for the Orb.
     0 | D:1      | Reached XP level 1. HP: 18/18 MP: 1/1
   212 | D:1      | Reached XP level 2. HP: 13/25 MP: 2/2
  1555 | D:2      | Reached XP level 3. HP: 29/30 MP: 3/3
  2088 | D:3      | Noticed Natasha
  2353 | D:3      | Killed Natasha
  2354 | D:3      | Reached XP level 4. HP: 17/37 MP: 4/4
  2620 | D:3      | Noticed Natasha
  2943 | D:2      | Killed Natasha
  3131 | D:3      | Reached XP level 5. HP: 43/43 MP: 5/5
  3708 | D:3      | Found a faded altar of an unknown god.
  4010 | D:4      | Reached XP level 6. HP: 17/50 MP: 6/6
  4222 | D:4      | Found an ornate altar of the Wu Jian Council.
  4240 | D:4      | Reached skill level 5 in Armour
  4344 | D:4      | Reached skill level 5 in Fighting
  4469 | D:4      | Reached skill level 1 in Dodging
  5274 | D:5      | Entered Level 5 of the Dungeon
  5274 | D:5      | Noticed a sky beast
  5285 | D:4      | Reached skill level 5 in Axes
  5430 | D:5      | Slain by a sky beast

Illustrated notes

Levels and vault maps discovered:
D:1:      dpeg_arrival_rhombi, layout_loops_ring
D:2:      layout_basic
D:3:      layout_rooms, shapermc_ecumenical_altar_notcrosses, uniq_natasha
D:4:      layout_loops_cross, mainiacjoe_overflow_chevrons
D:5:      layout_rooms, serial_curves, eino_curves_04, eino_curves_01,
          eino_curves_02, eino_curves_04

Skill      XL: |  1  2  3  4  5  6 |
---------------+-------------------+-----
Armour         | 4 5 |  5.2
Fighting       | 4 5 |  5.1
Axes           | 3 4 5 |  5.0
Shields        | 4 |  4.6
Dodging        | 1 |  1.2

Action                   |  1- 3 |  4- 6 || total
-------------------------+-------+-------++-------
Melee: War axe           |    91 |   168 ||   259
 Abil: Hop               |       |     2 ||     2
  Use: Potion            |       |     5 ||     5
       Scroll            |       |     1 ||     1
Armor: Scale mail        |    53 |    83 ||   136
Dodge: Dodged            |    36 |    59 ||    95
Block: Kite shield       |    54 |   130 ||   184
